 Dungeon Crawl Stone Soup version 0.25-a0-458-g6fc7858b95 (webtiles) character file.

Game seed: 1217693444324694598, levelgen mode: deterministic

24154 Conn the Carver (level 13, -15/92 HPs)
             Began as an Octopode Wizard on Feb 2, 2020.
             Was an Elder of Sif Muna.
             Demolished by a meliai
             ... wielding a +0 war axe
              (16 damage)
             ... on level 12 of the Dungeon.
             The game lasted 01:20:49 (17912 turns).

Conn the Carver (Octopode Wizard)                  Turns: 17912, Time: 01:20:50

Health: -15/92     AC:  6    Str: 10    XL:     13   Next: 11%
Magic:  20/20      EV: 16    Int: 20    God:    Sif Muna [****..]
Gold:   353        SH:  0    Dex: 14    Spells: 4/21 levels left

rFire    + . .     SeeInvis +   G - +2 great sword (vorpal)
rCold    + . .     Gourm    .   (shield currently unavailable)
rNeg     . . .     Faith    .   t - +2 hat
rPois    .         Spirit   .   (no amulet)
rElec    .         Reflect  .   n - ring of protection from magic
rCorr    .         Harm     .   s - ring of see invisible
MR       +....                  H - ring of protection from fire
Stlth    ++++......             O - +1 ring of protection
HPRegen  0.25/turn              (no ring)
MPRegen  0.17/turn              (no ring)
                                (no ring)
                                (no ring)

@: lethally poisoned (-15 -> -19)
A: almost no armour, stealthy swim, amphibious, 8 rings, constrict 8, molten
scales 1, camouflage 1, agile 1, cold resistance 1, gelatinous body 1
a: Channel Magic, Forget Spell, Divine Exegesis, Renounce Religion


You were on level 12 of the Dungeon.
You worshipped Sif Muna.
Sif Muna was greatly pleased with you.
You were near starving.

You visited 3 branches of the dungeon, and saw 15 of its levels.

You collected 741 gold pieces.
You spent 388 gold pieces at shops.

Inventory:

Hand Weapons
 a - a +7 dire flail of protection
 d - a +0 short sword
 j - a +1 short sword of electrocution
 m - a +0 longbow
 p - a +2 war axe of venom
 x - a +2 hand axe of freezing
 z - a +3 falchion of protection
 F - a +1 battleaxe of venom
 G - a +2 vorpal great sword (weapon)
Missiles
 C - 6 atropa-tipped darts (quivered)
 D - 247 arrows
 L - 5 silver boomerangs
Armour
 t - a +2 hat (worn)
 w - a +1 shield of protection
 I - a +0 buckler
Magical Staves
 b - an uncursed staff of poison
 r - an uncursed staff of cold
 J - an uncursed staff of fire
Jewellery
 n - a ring of protection from magic (left tentacle)
 s - a ring of see invisible (right tentacle)
 H - a ring of protection from fire (on tentacle)
 O - a +1 ring of protection (on tentacle)
Wands
 e - a wand of iceblast (13)
 A - a wand of flame (30)
 E - a wand of polymorph (13)
 K - a wand of paralysis (4)
 P - a wand of digging (6)
Scrolls
 f - 4 scrolls of teleportation
 h - 2 scrolls of amnesia
 i - 4 scrolls of remove curse
 l - 2 scrolls of fog
 o - 9 scrolls of identify
 B - a scroll of magic mapping
Potions
 g - 2 potions of flight
 k - a potion of brilliance
 u - 2 potions of agility
 M - a potion of mutation
Comestibles
 c - 19 rations


   Skills:
 + Level 10.1 Fighting
 - Level 3.6(8.6) Short Blades
 + Level 12.0(12.2) Long Blades
 + Level 8.9 Maces & Flails
 + Level 0.4 Throwing
 + Level 5.9 Dodging
 - Level 6.3 Stealth
 * Level 3.9 Shields
 + Level 4.7 Spellcasting
 - Level 1.5 Conjurations
 - Level 2.4 Summonings
 * Level 3.0 Translocations
 * Level 2.0 Fire Magic
 + Level 2.0 Air Magic
 - Level 2.2 Poison Magic
 * Level 4.5 Invocations
 + Level 0.4 Evocations


You had 4 spell levels left.
You knew the following spells:

 Your Spells              Type           Power        Failure   Level  Hunger
a - Magic Dart            Conj           ##..         6%          1    None
b - Blink                 Tloc           N/A          5%          2    #......
c - Call Imp              Summ           ##......     7%          2    #......
d - Mephitic Cloud        Conj/Pois/Air  ##......     16%         3    ##.....
e - Conjure Flame         Conj/Fire      ##......     17%         3    ##.....
f - Inner Flame           Hex/Fire       #.......     24%         3    ##.....
g - Ozocubu's Armour      Chrm/Ice       #.......     34%         3    ##.....

Your spell library contained the following spells:

 Spells                   Type           Power        Failure   Level  Hunger
 Corpse Rot               Necr/Air       N/A          12%         2    #......
 Slow                     Hex            #.......     19%         2    #......
 Leda's Liquefaction      Hex/Erth       #.........   75%         4    ####...
 Iskenderun's Battlesphe  Conj/Chrm      #.......     94%         5    ######.
 Haunt                    Necr/Summ      #.........   100%        7    #######
 Borgnjor's Revivificati  Necr           #.........   100%        8    #######
 Death's Door             Chrm/Necr      #.........   100%        8    #######
 Infestation              Necr           #.........   100%        8    #######
 Necromutation            Tmut/Necr      #.........   100%        8    #######
 Tornado                  Air            ##........   100%        9    #######


Dungeon Overview and Level Annotations

Branches:
Dungeon (13/15)            Temple (1/1) D:5            Lair (0/6) D:8
    Orc (1/2) D:12
 Vaults: D:13-14

Altars:
Ashenzari
Cheibriados
Dithmenos
Elyvilon
Fedhas
Gozag
Hepliaklqana
Kikubaaqudgha
Makhleb
Okawaru
Qazlal
Ru
Sif Muna
Uskayaw
Vehumet
Wu Jian
Xom
Zin
The Shining One

Shops:
D:6 !   D:11 [   D:12 ?

Portals:
Trove: D:10 (show abyssal rune of Zot)

Annotations:
D:12 3 runed translucent doors


Innate Abilities, Weirdness & Mutations

You cannot wear most types of armour.
You are very stealthy in the water. (Stealth+)
You are amphibious.
You can wear up to eight rings at the same time.
You can use your tentacles to constrict eight enemies at once.
Your skin changes colour to match your surroundings (Stealth+).
Your rubbery body absorbs attacks. (AC +1, EV +1)
You are partially covered in molten scales. (AC +2)
You are agile. (Dex +2)
Your flesh is cold resistant. (rC+)


Message History

The meliai is engulfed in noxious fumes.
The meliai struggles to escape constriction.
The meliai is engulfed in noxious fumes.
The meliai hits you with a +0 war axe!!
* * * LOW HITPOINT WARNING * * *
The meliai misses you.
Okay, then.
You hit the meliai but do no damage. You squeeze the meliai!
The meliai is heavily wounded.
You constrict the meliai.
You feel sick.
The meliai is engulfed in noxious fumes.
The meliai hits you with a +0 war axe!
* * * LOW HITPOINT WARNING * * *
The meliai stings you.
* * * LOW HITPOINT WARNING * * *
It was a potion of magic.
Magic courses through your body.
You constrict the meliai.
* * * LOW HITPOINT WARNING * * *
You feel sick. The meliai hits you with a +0 war axe!
You die...

##.#......#.##
..)#.##......#
.............###
##########c....##
..........#..#..#
.###.###..##.##.#
..#...#.##.#..#.##
..##.##....##.#.y#
#..#.#..#####..#@##
.(.###..#..###.#.>#
)#..#.#.+..'.#..###
....#.###..#.##.#
#.#.}########.#.#
............÷.#.#
##############'.#
.............)..#
#####.########.##


You could see a meliai (confused).

Vanquished Creatures
  Erolcha (D:11)
  Fannar (D:11)
  Harold (D:11)
  4 two-headed ogres
  Urug (D:11)
  An unseen horror (D:11)
  2 wizards (D:12)
  A deep elf archer (D:12)
  2 ugly things (D:12)
  A deep elf mage (D:12)
  A cyclops (D:12)
  2 manticores (D:12)
  An elephant (D:8)
  2 centaur skeletons (D:12)
  3 kobold demonologists (D:12)
  A tengu conjurer (D:10)
  3 trolls
  A jumping spider (shapeshifter) (D:12)
  A hornet (D:11)
  A slime creature (D:12)
  A hippogriff (D:11)
  3 shadows (D:12)
  2 basilisks (D:8)
  2 hungry ghosts
  5 wyverns
  13 yaks
  6 vampire mosquitoes (D:12)
  Edmund (D:6)
  An acid dragon (D:12)
  5 orc warriors
  5 ice beasts
  A black bear (D:11)
  A phantom (D:9)
  8 sky beasts
  10 centaurs
  A boggart (D:12)
  6 ogres
  3 big kobolds
  10 bullfrogs
  2 wyvern skeletons
  A scorpion (D:4)
  12 killer bees (D:12)
  4 howler monkeys
  4 wights (D:8)
  5 crimson imps
  2 bullfrog zombies
  3 centaur zombies
  5 hounds
  3 quasits
  2 jellies
  8 orc priests
  17 orc wizards
  2 bullfrog skeletons
  A gnoll shaman (D:7)
  4 iguanas
  8 worker ants
  A hound skeleton (D:4)
  2 hound zombies
  9 gnolls
  14 adders
  2 shadow imps
  2 oozes
  An adder zombie (D:2)
  2 worms
  6 dart slugs
  3 leopard geckos
  43 orcs
  4 bats
  3 giant cockroaches (D:4)
  6 goblins
  11 hobgoblins
  12 jackals
  6 quokkas
  5 ball pythons
  A frilled lizard (D:4)
  A jackal zombie (D:7)
  17 kobolds
  A quokka zombie (D:9)
  7 rats
  A fungus (D:8)
358 creatures vanquished.

Vanquished Creatures (collateral kills)
  A two-headed ogre (D:12)
  A cyclops (D:11)
  6 adders (D:2)
  4 orcs
  A ball python (D:2)
  A goblin (D:2)
  A frilled lizard (D:2)
15 creatures vanquished.

Vanquished Creatures (others)
  A killer bee (D:12)
  A leopard gecko (D:11)
2 creatures vanquished.

Grand Total: 375 creatures vanquished

Notes
Turn   | Place    | Note
-------+----------+-------------------------------------------
     0 | D:1      | Conn the Octopode Wizard began the quest for the Orb.
     0 | D:1      | Reached XP level 1. HP: 11/11 MP: 4/4
   361 | D:1      | Reached skill level 1 in Fighting
   476 | D:1      | Reached XP level 2. HP: 11/18 MP: 6/6
   592 | D:1      | Learned a level 2 spell: Blink
   595 | D:1      | Learned a level 2 spell: Call Imp
   791 | D:2      | Reached XP level 3. HP: 21/24 MP: 2/7
   928 | D:2      | Reached XP level 4. HP: 25/30 MP: 8/8
  1284 | D:2      | Gained mutation: Your flesh is cold resistant. (rC+)
                  | [potion of mutation]
  1284 | D:2      | Gained mutation: You are agile. (Dex +2) [potion of
                  | mutation]
  1284 | D:2      | Gained mutation: You are partially covered in molten
                  | scales. (AC +2) [potion of mutation]
  1324 | D:2      | Reached XP level 5. HP: 8/36 MP: 3/9
  1587 | D:2      | Reached skill level 1 in Short Blades
  2617 | D:3      | Reached XP level 6. HP: 41/42 MP: 10/10
  2839 | D:3      | Reached skill level 5 in Stealth
  3488 | D:4      | Learned a level 3 spell: Mephitic Cloud
  3492 | D:4      | Learned a level 3 spell: Conjure Flame
  3533 | D:4      | Found a sacrificial altar of Ru.
  3660 | D:4      | Found a sacrificial altar of Ru.
  3672 | D:4      | Reached XP level 7. HP: 44/47 MP: 11/11
  3786 | D:4      | Reached skill level 1 in Poison Magic
  3955 | D:4      | You fall into a shaft and drop 2 floors!
  4611 | D:6      | Noticed Edmund
  4629 | D:6      | Killed Edmund
  4872 | D:6      | Found Cemojem's Distillery.
  4879 | D:6      | Bought a potion of heal wounds for 55 gold pieces
  4879 | D:6      | Bought a potion of curing for 33 gold pieces
  4879 | D:6      | Bought a potion of heal wounds for 55 gold pieces
  4879 | D:6      | Bought a potion of invisibility for 88 gold pieces
  4953 | D:6      | Found a snail-covered altar of Cheibriados.
  5046 | D:6      | Reached skill level 1 in Maces & Flails
  5046 | D:6      | Reached XP level 8. HP: 54/54 MP: 12/12
  5291 | D:5      | Entered Level 5 of the Dungeon
  5423 | D:5      | Found a staircase to the Ecumenical Temple.
  5454 | Temple   | Entered the Ecumenical Temple
  5593 | Temple   | Became a worshipper of Sif Muna the Loreminder
  6190 | D:4      | Found a shattered altar of Ashenzari.
  6618 | D:4      | Reached skill level 5 in Fighting
  6963 | D:7      | Identified the +3 leather armour of the Turtle {MR- Str+5}
  6969 | D:7      | Reached skill level 5 in Maces & Flails
  7229 | D:7      | Reached XP level 9. HP: 61/61 MP: 13/13
  7413 | D:7      | Reached * piety under Sif Muna
  8014 | D:8      | Found a hazy altar of Hepliaklqana.
  8225 | D:8      | Found a staircase to the Lair.
  8225 | D:8      | Noticed an elephant
  8241 | D:8      | Killed an elephant
  8887 | D:8      | Reached skill level 1 in Long Blades
  8887 | D:8      | Reached XP level 10. HP: 28/69 MP: 10/14
  9121 | D:9      | Found an opulent altar of Gozag.
  9146 | D:9      | Reached skill level 2 in Long Blades
  9477 | D:9      | Found a stormy altar of Qazlal.
  9525 | D:9      | Reached skill level 3 in Long Blades
  9626 | D:9      | Found a blossoming altar of Fedhas.
 10031 | D:9      | Reached ** piety under Sif Muna
 10116 | D:9      | Found an iron altar of Okawaru.
 10228 | D:9      | Reached skill level 4 in Long Blades
 10411 | D:10     | Entered Level 10 of the Dungeon
 10500 | D:10     | Reached skill level 5 in Long Blades
 11037 | D:10     | Noticed a two-headed ogre
 11478 | D:10     | Reached skill level 1 in Air Magic
 11483 | D:10     | Killed a two-headed ogre
 11483 | D:10     | Reached skill level 6 in Long Blades
 11884 | D:10     | Found a portal to a secret trove of treasure.
 12059 | D:10     | Reached XP level 11. HP: 27/78 MP: 11/16
 12401 | D:11     | Reached skill level 5 in Dodging
 12404 | D:11     | Reached skill level 7 in Long Blades
 12630 | D:11     | Noticed a cyclops
 12647 | D:11     | Killed a cyclops
 12714 | D:11     | Noticed a two-headed ogre
 12995 | D:11     | Noticed an unseen horror
 13001 | D:11     | Killed an unseen horror
 13005 | D:11     | Killed a two-headed ogre
 13005 | D:11     | Reached *** piety under Sif Muna
 13005 | D:11     | Reached skill level 8 in Long Blades
 13014 | D:11     | Noticed Harold
 13020 | D:11     | Noticed Erolcha
 13034 | D:11     | Killed Harold
 13037 | D:11     | Killed Erolcha
 13037 | D:11     | Reached skill level 9 in Long Blades
 13149 | D:11     | Noticed Urug
 13316 | D:11     | Found Cim Gewy's Antique Armour Emporium.
 13324 | D:11     | Bought a glowing shield for 157 gold pieces
 13543 | D:11     | Noticed Fannar
 13560 | D:11     | Killed Fannar
 14010 | D:11     | Killed Urug
 14010 | D:11     | Reached skill level 1 in Shields
 14288 | D:12     | Found Lusir's Magic Scroll Shoppe.
 14314 | D:12     | Reached skill level 10 in Long Blades
 14382 | D:12     | Found a runed translucent door.
 14385 | D:12     | Noticed a purple ugly thing
 14415 | D:12     | Found a runed translucent door.
 14421 | D:12     | Reached skill level 1 in Invocations
 14421 | D:12     | Reached XP level 12. HP: 60/85 MP: 14/18
 14800 | D:12     | Found a runed translucent door.
 14803 | D:12     | Found a runed translucent door.
 14838 | D:12     | Found a runed translucent door.
 15072 | D:12     | Reached skill level 11 in Long Blades
 15078 | D:12     | Reached **** piety under Sif Muna
 15375 | D:12     | Noticed a two-headed ogre
 15383 | D:12     | Noticed a two-headed ogre
 15394 | D:12     | HP: 1/86 [two-headed ogre/+0 giant club (19)]
 15770 | D:13     | Noticed a two-headed ogre
 15781 | D:13     | Killed a two-headed ogre
 15870 | D:12     | Identified the Papyrus of Axaxaxas mlö
 15877 | D:12     | Identified the Volume of Sand
 15883 | D:12     | Learned a level 3 spell: Inner Flame
 15887 | D:12     | Learned a level 3 spell: Ozocubu's Armour
 15942 | D:12     | Identified the Almanac of Combed Thunderclap
 16250 | D:12     | Reached skill level 1 in Fire Magic
 16415 | D:12     | Killed a two-headed ogre
 16746 | D:12     | Killed a two-headed ogre
 17040 | D:12     | HP: 3/87 [manticore (8)]
 17041 | D:12     | Reached XP level 13. HP: 9/92 MP: 15/19
 17537 | D:12     | Reached skill level 10 in Fighting
 17604 | D:12     | Found a staircase to the Orcish Mines.
 17613 | Orc:1    | Entered Level 1 of the Orcish Mines
 17633 | Orc:1    | Reached skill level 12 in Long Blades
 17654 | Orc:1    | HP: 4/92 [warg (6)]
 17911 | D:12     | HP: 2/92 [meliai/+0 war axe (5)]
 17912 | D:12     | Demolished by a meliai

Levels and vault maps discovered:
D:1:      minmay_arrival_five_plusses, layout_basic
D:2:      layout_basic, minmay_snake_closets
D:3:      layout_loops_ring, grunt_decor_cap
D:4:      layout_basic, nicolae_ashenzari_panopticon, lemuel_crystal_altar,
          first_ration, nicolae_ru_great_annihilating_truth
D:5:      layout_loops_ring, minmay_temple_entry_tees
D:6:      layout_cave_pods, lemuel_crystal_altar, serial_shops,
          kennysheep_little_box, uniq_edmund
D:7:      layout_basic
D:8:      layout_basic, overflow_temple_1_default, david_lair_generic
D:9:      layout_basic, fedhas_bush_and_centaur_altar, kennysheep_mini_moat,
          grunt_temple_overflow_open
D:10:     layout_long_grid, nicolae_trove_entry_free_sample, grunt_tengu_nest,
          kennysheep_generic_room_15
D:11:     layout_roguey, serial_shops, shop, eino_small_chamber_without_monster,
          uniq_fannar, uniq_urug, uniq_harold, uniq_erolcha
D:12:     minmay_the_grid_triangle_9x9_line_8_mashed
          [minmay_the_grid_triangle_9x9_tough_junction,
          minmay_the_grid_triangle_9x9_windchime,
          minmay_the_grid_triangle_9x9_sparse_checkered,
          minmay_the_grid_triangle_9x9_fully_insulated_deathbox,
          minmay_the_grid_triangle_9x9_zippers_vertical,
          minmay_the_grid_triangle_9x9_semitri,
          minmay_the_grid_triangle_9x9_limited_checkers,
          minmay_the_grid_triangle_9x9_prize_top_heavy], layout_basic,
          orc_0_dummy, serial_shops, shop, bh_hangedman_babel_library
D:13:     layout_basic, lightli_fourway_metalbox
Temple:   dpeg_chambers_temple
Orc:1:    orc_temple, layout_diamond_mine

Skill      XL: |  1  2  3  4  5  6  7  8  9 10 11 12 13 |
---------------+----------------------------------------+-----
Fighting       | 1 2 3 4 5 6 8 9 10 | 10.1
Stealth        | 3 4 5 6 |  6.3
Short Blades   | 1 2 3 |  3.6
Summonings     | 2 |  2.4
Dodging        | 3 4 5 |  5.9
Poison Magic   | 2 |  2.2
Maces & Flails | 1 5 8 |  8.9
Long Blades    | 1 6 10 11 12 | 12.0
Air Magic      | 1 2 |  2.0
Shields        | 1 3 |  3.9
Spellcasting   | 4 |  4.7
Invocations    | 1 4 |  4.5
Translocations | 2 3 |  3.0
Fire Magic     | 1 2 |  2.0
Throwing       | |  0.4
Conjurations   | |  1.5
Evocations     | |  0.4

Action                   |  1- 3 |  4- 6 |  7- 9 | 10-12 | 13-15 || total
-------------------------+-------+-------+-------+-------+-------++-------
Melee: Unarmed           |    15 |       |       |       |       ||    15
       Short sword       |    23 |   153 |    57 |       |       ||   233
       Constrict         |    10 |    35 |    46 |    69 |     7 ||   167
       Tentacles         |     4 |    26 |    37 |    96 |     6 ||   169
       Dire flail        |       |       |   163 |       |       ||   163
       Great sword       |       |       |    11 |   419 |    28 ||   458
       Falchion          |       |       |       |    52 |       ||    52
Throw: Dart              |       |       |       |     8 |     1 ||     9
 Cast: Magic Dart        |     4 |    21 |    26 |    39 |     1 ||    91
       Call Imp          |     4 |    13 |       |     9 |       ||    26
       Blink             |       |     4 |     2 |    11 |    11 ||    28
       Mephitic Cloud    |       |       |    14 |    50 |     7 ||    71
       Conjure Flame     |       |       |       |     2 |     1 ||     3
       Inner Flame       |       |       |       |       |     2 ||     2
Invok: Channel Magic     |       |       |       |     1 |     2 ||     3
Evoke: Wand              |       |       |     1 |     3 |     4 ||     8
  Use: Potion            |       |     4 |     2 |    12 |     1 ||    19
       Scroll            |       |       |    10 |     8 |     1 ||    19
 Stab: Sleeping          |     9 |    16 |    14 |    13 |       ||    52
       Distracted        |       |     3 |     1 |     3 |       ||     7
       Confused          |       |       |     5 |    28 |     2 ||    35
       Invisible         |       |       |       |     3 |       ||     3
  Eat: Chunk             |       |    10 |    15 |    22 |       ||    47
       Ration            |       |       |     1 |     4 |       ||     5
Armor: Skin              |     5 |    24 |    40 |    89 |     3 ||   161
Dodge: Dodged            |    31 |    88 |   145 |   420 |    19 ||   703
Block: Shield            |       |       |       |    17 |       ||    17
       Rpst.: Great sword |       |       |       |    94 |     3 ||    97
       Falchion          |       |       |       |     6 |       ||     6

Table legend:
 A = Non-vault XP
 B = Vault XP
 C = Vault XP percentage of total XP
 D = Non-vault monster count
 E = Vault monster count
 F = Vault count percentage of total count
                 A         B        C        D         E       F
            +---------+---------+-------+---------+---------+-------
      Total |   21473 |   13033 |  37.8 |     315 |      59 |  15.8
            +---------+---------+-------+---------+---------+-------
        D:1 |      11 |       0 |   0.0 |       7 |       0 |   0.0
        D:2 |     200 |      76 |  27.5 |      34 |      11 |  24.4
        D:3 |     216 |       0 |   0.0 |      34 |       0 |   0.0
        D:4 |     347 |      49 |  12.4 |      14 |       4 |  22.2
        D:5 |     277 |       0 |   0.0 |       4 |       0 |   0.0
        D:6 |     634 |     154 |  19.5 |      23 |       1 |   4.2
        D:7 |     758 |       0 |   0.0 |      27 |       0 |   0.0
        D:8 |     997 |     995 |  49.9 |      18 |       4 |  18.2
        D:9 |    1588 |      96 |   5.7 |      24 |       1 |   4.0
       D:10 |    2772 |     376 |  11.9 |      31 |       2 |   6.1
       D:11 |    4190 |    3595 |  46.2 |      29 |       4 |  12.1
       D:12 |    7936 |    7692 |  49.2 |      55 |      32 |  36.8
       D:13 |     899 |       0 |   0.0 |       1 |       0 |   0.0
      Orc:1 |     648 |       0 |   0.0 |      14 |       0 |   0.0
            +---------+---------+-------+---------+---------+-------
